 Dungeon Sprint DCSS version 0.20.1-1-g8b1a95d (webtiles) character file.

11607 arttle the Warrior (level 11, -28/122 HPs)
             Began as a Minotaur Fighter on Oct 26, 2017.
             Was an Elder of Nemelex Xobeh.
             Annihilated by a fire giant
             ... wielding a +1 great sword of flaming
              (32 damage)
             ... in the Dungeon (Sprint I: "Red Sonja") on Oct 27, 2017.
             The game lasted 00:26:28 (3249 turns).

arttle the Warrior (Minotaur Fighter)               Turns: 3249, Time: 00:26:29

Health: -28/122    AC:  7    Str: 21    XL:     11   Next: 51%
Magic:  19/19      EV: 15    Int:  5    God:    Nemelex Xobeh [****..]
Gold:   886        SH:  9    Dex: 13    Spells: 10/10 levels left

rFire    . . .     SeeInvis .   s - +5 morningstar "Ehoa" {crush, -Tele +Inv rN+++ MR-}
rCold    + . .     Gourm    .   c - +0 shield
rNeg     + + +     Faith    .   z - +1 scale mail {rC+}
rPois    .         Spirit   .   (helmet restricted)
rElec    .         Reflect  .   (no cloak)
rCorr    .         Harm     .   (no gloves)
MR       .....     NoTele   +   (no boots)
Stlth    ..........             (no amulet)
Regen    0.3/turn               (no ring)
MPRegen  0.2/turn               (no ring)

@: no status effects
A: retaliatory headbutt, horns 2, blurry vision 2, deformed body
a: Triple Draw, Deal Four, Renounce Religion, Evoke Invisibility


You were in the Dungeon.
You worshipped Nemelex Xobeh.
Nemelex Xobeh was greatly pleased with you.
You were not hungry.

You visited 1 branch You collected 1193 gold pieces.
You spent 307 gold pieces at shops.

Inventory:

Hand Weapons
 a - a +0 flail
 q - a -1 mace
 s - the +5 morningstar "Ehoa" (weapon) {crush, -Tele +Inv rN+++ MR-}
   (You bought it in a shop in the Dungeon)

   It inflicts extra damage upon your enemies.
   It renders you almost immune to negative energy.
   It affects your resistance to hostile enchantments.
   It lets you turn invisible.
   It prevents most forms of teleportation.
Armour
 b - a +0 scale mail
 c - a +0 shield (worn)
 m - a +1 scale mail of cold resistance
 z - a +1 scale mail of cold resistance (worn)
 A - a +2 ring mail of poison resistance
Wands
 n - a wand of paralysis (14/24)
 x - a wand of paralysis (12/24)
 y - a wand of acid (9/15)
Scrolls
 k - a scroll of blinking
 l - a scroll of remove curse
Potions
 d - 2 potions of might
 e - 3 potions of curing
 g - a potion of heal wounds
 h - a potion of haste
 i - 2 potions of magic
 j - a potion of berserk rage
 t - a potion of ambrosia {unknown}
Books
 w - a book of Power

   Spells                             Type                      Level
   a - Iskenderun's Battlesphere      Conjuration/Charms           5
   b - Venom Bolt                     Conjuration/Poison           5
   c - Bolt of Magma                  Conjuration/Fire/Earth       5
   d - Iron Shot                      Conjuration/Earth            6
   e - Orb of Destruction             Conjuration                  7
   f - Spellforged Servitor           Conjuration/Summoning        7
Miscellaneous
 o - a plain deck of summoning {drawn: 1}
 p - a plain deck of escape
 u - a plain deck of destruction
 v - a plain deck of summoning
 B - a legendary deck of escape
 C - a plain deck of destruction
Comestibles
 f - 2 bread rations


   Skills:
 + Level 19.0 Fighting
 - Level 13.6 Maces & Flails
 - Level 12.5 Armour
 - Level 13.2 Dodging
 - Level 3.6 Shields
 + Level 12.9 Invocations


You had 10 spell levels left.
You didn't know any spells.

Dungeon Overview and Level Annotations

Branches:
Dungeon (1/1)

Altars:
Cheibriados
Dithmenos
Elyvilon
Fedhas
Gozag
Hepliaklqana
Kikubaaqudgha
Makhleb
Nemelex Xobeh
Okawaru
Qazlal
Ru
Sif Muna
Trog
Uskayaw
Vehumet
Xom
Yredelemnul
Zin
The Shining One
Jiyva
Lugonu

Shops:
D !%!=((=}}%[!!(:(*}%[*


Innate Abilities, Weirdness & Mutations

You reflexively headbutt those who attack you in melee.
You have a pair of horns on your head.
Scrolls take you longer to read.
Armour fits poorly on your strangely shaped body.


Message History

The fire giant points at you and mumbles some strange words.
The fireball explodes!
The fireball engulfs you!
* * * LOW HITPOINT WARNING * * *
The fireball engulfs your wyvern.
The fireball engulfs the fire giant.
The fire giant resists.
The fireball engulfs your wyvern.
Your wyvern dies!
Your wyvern's corpse disappears in a puff of smoke!
Your wyvern bites the fire giant!
You block the wyvern's attack.
The fire giant hits your wyvern with a great sword of flaming!
The fire giant burns your wyvern.
Your wyvern dies!
Your wyvern's corpse disappears in a puff of smoke!
The wyvern bites you.
* * * LOW HITPOINT WARNING * * *
Your shield prevents you from hitting the wyvern.
The wyvern closely misses you. You furiously retaliate!
You headbutt the wyvern.
The fire giant hits you with a great sword of flaming!!
You die...
Your body glows slightly and disappears.

'###
#..###$#
.'.#
#.##..$#
##.#
#..#+###
##.#
##...#
##.#
###.#
##.# #.#
§§§# #.#
##§#
####l#
.#.#
#.C@l#
#§§#
#CC§####
####
.....##
# .### #
# # #


You could see 3 fire giants, a wyvern and a friendly wyvern.

Vanquished Creatures
  2 centaur warriors (D)
  6 unseen horrors (D)
  An oklob plant (D)
  A kobold demonologist (D)
  2 demonic crawlers (D)
  A slime creature (D)
  A hornet (D)
  2 redbacks (D)
  Sigmund (D)
  A yak (D)
  6 hogs (D)
  A necrophage (D)
  An ogre (D)
  A jelly (D)
  Ijyb (D)
  4 ballistomycetes (D)
  A ballistomycete spore (D)
33 creatures vanquished.

Vanquished Creatures (collateral kills)
  An unseen horror (D)
  A deep troll (D)
  A lindwurm (D)
  8 shining eyes (D)
  A kobold demonologist (D)
  7 hogs (D)
  6 floating eyes (D)
  6 necrophages (D)
  7 jellies (D)
38 creatures vanquished.

Vanquished Creatures (others)
  Sonja (D)
  A gargoyle (D)
  A ballistomycete spore (D)
3 creatures vanquished.

Grand Total: 74 creatures vanquished

Notes
Turn   | Place    | Note
-------+----------+-------------------------------------------
     0 | D        | arttle the Minotaur Fighter began the quest for the Orb.
     0 | D        | Reached XP level 1. HP: 19/19 MP: 0/0
     2 | D        | Noticed Ijyb
    24 | D        | Killed Ijyb
    24 | D        | Reached skill level 5 in Fighting
    24 | D        | Reached XP level 2. HP: 22/29 MP: 1/1
    27 | D        | Noticed an ogre
    31 | D        | Killed an ogre
    31 | D        | Reached skill level 7 in Fighting
    31 | D        | Reached XP level 3. HP: 11/39 MP: 2/2
    31 | D        | Reached XP level 4. HP: 13/47 MP: 3/3
   357 | D        | Noticed Sigmund
   370 | D        | Killed Sigmund
   370 | D        | Reached skill level 9 in Fighting
   370 | D        | Reached XP level 5. HP: 47/57 MP: 4/4
   405 | D        | Found a deep blue altar of Sif Muna.
   407 | D        | Found a radiant altar of Vehumet.
   410 | D        | Reached XP level 6. HP: 54/64 MP: 5/5
   441 | D        | Found Datz's Jewellery Emporium.
   441 | D        | Found an ancient bone altar of Kikubaaqudgha.
   441 | D        | Found a hazy altar of Hepliaklqana.
   441 | D        | Found a hide-covered altar of Uskayaw.
   441 | D        | Found a basalt altar of Yredelemnul.
   441 | D        | Found an opulent altar of Gozag.
   441 | D        | Found a snail-covered altar of Cheibriados.
   441 | D        | Found a sacrificial altar of Ru.
   441 | D        | Found a shadowy altar of Dithmenos.
   441 | D        | Noticed a yak
   447 | D        | Killed a yak
   447 | D        | Reached skill level 10 in Fighting
   448 | D        | Found a stormy altar of Qazlal.
   448 | D        | Found a blossoming altar of Fedhas.
   448 | D        | Found a bloodstained altar of Trog.
   448 | D        | Found an iron altar of Okawaru.
   448 | D        | Found a glowing golden altar of the Shining One.
   448 | D        | Found a glowing silver altar of Zin.
   448 | D        | Found a white marble altar of Elyvilon.
   449 | D        | Found a sparkling altar of Nemelex Xobeh.
   452 | D        | Became a worshipper of Nemelex Xobeh the Trickster
   461 | D        | Received a gift from Nemelex Xobeh
   461 | D        | Noticed Sonja
   474 | D        | Killed Sonja
   474 | D        | Reached skill level 5 in Dodging
   474 | D        | Reached XP level 7. HP: 30/73 MP: 5/9
   724 | D        | Found Jeluisopna's Distillery.
   744 | D        | Noticed a deep troll
   756 | D        | Killed a deep troll
   756 | D        | Reached XP level 8. HP: 40/80 MP: 9/12
   945 | D        | Found a viscous altar of Jiyva.
   945 | D        | Found a corrupted altar of Lugonu.
   945 | D        | Noticed a slime creature
   946 | D        | Found a burning altar of Makhleb.
   946 | D        | Found a shimmering altar of Xom.
   956 | D        | Killed a slime creature
   956 | D        | Reached skill level 11 in Fighting
   956 | D        | Reached skill level 5 in Armour
   991 | D        | Noticed a kobold demonologist
   992 | D        | Noticed a kobold demonologist
  1005 | D        | Killed a kobold demonologist
  1007 | D        | Noticed an orange demon
  1011 | D        | Killed a kobold demonologist
  1344 | D        | Reached * piety under Nemelex Xobeh
  1346 | D        | Noticed a centaur warrior
  1346 | D        | Noticed a centaur warrior
  1362 | D        | Killed a centaur warrior
  1362 | D        | Reached skill level 12 in Fighting
  1362 | D        | Reached skill level 10 in Dodging
  1362 | D        | Reached XP level 9. HP: 53/92 MP: 13/13
  1369 | D        | Killed a centaur warrior
  1369 | D        | Reached skill level 13 in Fighting
  1369 | D        | Reached skill level 10 in Armour
  1893 | D        | Received a gift from Nemelex Xobeh
  1893 | D        | Noticed a shining eye
  1893 | D        | Noticed a shining eye
  1893 | D        | Noticed a shining eye
  1895 | D        | Paralysed by a floating eye for 3 turns
  1902 | D        | Noticed a shining eye
  1902 | D        | Noticed a shining eye
  1902 | D        | Noticed a shining eye
  1902 | D        | Gained mutation: Armour fits poorly on your strangely shaped body. [a shining eye]
  1904 | D        | Killed a shining eye
  1904 | D        | Killed a shining eye
  1904 | D        | Reached skill level 14 in Fighting
  1905 | D        | Killed a shining eye
  1907 | D        | Killed a shining eye
  1907 | D        | Reached XP level 10. HP: 103/104 MP: 14/14
  1908 | D        | Reached ** piety under Nemelex Xobeh
  1909 | D        | Killed a shining eye
  1912 | D        | Killed a shining eye
  1913 | D        | Noticed a shining eye
  1913 | D        | Noticed a shining eye
  1913 | D        | Gained mutation: Scrolls take you a little longer to read. [a shining eye]
  1915 | D        | Paralysed by a floating eye for 4 turns
  1916 | D        | Gained mutation: Scrolls take you longer to read. [a shining eye]
  1919 | D        | Killed a shining eye
  1919 | D        | Reached skill level 15 in Fighting
  1922 | D        | Killed a shining eye
  1928 | D        | Found Moatynydda's Food Shoppe.
  1928 | D        | Received a gift from Nemelex Xobeh
  1928 | D        | Found Yphes's Distillery.
  1930 | D        | Found Loblet's Antique Weapon Shop.
  1930 | D        | Found Fest's Weapon Boutique.
  1933 | D        | Bought a slimy morningstar for 252 gold pieces
  1933 | D        | Identified the +5 morningstar "Ehoa" {crush, -Tele +Inv rN+++ MR-} (You bought it in a shop in the Dungeon)
  1947 | D        | Bought a bread ration for 55 gold pieces
  1971 | D        | Found Egoc's Armour Emporium.
  2077 | D        | Noticed an oklob plant
  2080 | D        | Killed an oklob plant
  2218 | D        | Killed an unseen horror
  2218 | D        | Reached skill level 16 in Fighting
  2234 | D        | Killed an unseen horror
  2353 | D        | Received a gift from Nemelex Xobeh
  2353 | D        | Reached *** piety under Nemelex Xobeh
  2353 | D        | Received a gift from Nemelex Xobeh
  2364 | D        | Reached skill level 10 in Invocations
  2366 | D        | Paralysed by a floating eye for 4 turns
  2373 | D        | Reached skill level 17 in Fighting
  2383 | D        | Found Janledalei's Gadget Shoppe.
  2383 | D        | Found Axigub's Jewellery Shop.
  2383 | D        | Found Zoagahak's Gadget Boutique.
  2391 | D        | Killed a gargoyle
  2420 | D        | Found Redeolixef's Food Emporium.
  2420 | D        | Found Feadugh's Armour Shop.
  2420 | D        | Found Dothoz's Distillery.
  2420 | D        | Found Okashuul's Distillery.
  2420 | D        | Found Kaosu's Antique Weapon Emporium.
  2420 | D        | Found Sorox's Book Shop.
  2420 | D        | Found Dauduasy's Antique Weapon Shoppe.
  2423 | D        | Found Urruydich's General Store.
  2424 | D        | Found Qoevaoq's Food Emporium.
  2424 | D        | Found Saen Mef's Gadget Boutique.
  2425 | D        | Found Vetagig's General Store.
  2736 | D        | Reached XP level 11. HP: 89/117 MP: 17/17
  2836 | D        | Received a gift from Nemelex Xobeh
  2840 | D        | Noticed a lindwurm
  2853 | D        | Killed a lindwurm
  2946 | D        | Reached skill level 18 in Fighting
  2971 | D        | Reached **** piety under Nemelex Xobeh
  2972 | D        | Received a gift from Nemelex Xobeh
  2974 | D        | Noticed a daeva
  2978 | D        | Noticed an unseen horror
  2979 | D        | Noticed an unseen horror
  2980 | D        | Killed an unseen horror
  2981 | D        | Noticed an unseen horror
  2982 | D        | Killed an unseen horror
  2984 | D        | Killed an unseen horror
  2994 | D        | Killed an unseen horror
  3007 | D        | Killed an unseen horror
  3007 | D        | Reached skill level 19 in Fighting
  3238 | D        | Received a gift from Nemelex Xobeh
  3241 | D        | Noticed a fire giant
  3244 | D        | Noticed a fire giant
  3246 | D        | Noticed a fire giant
  3248 | D        | HP: 3/122 [wyvern[the player character] (6)]
  3249 | D        | Annihilated by a fire giant

Skill      XL: |  1  2  3  4  5  6  7  8  9 10 11 |
---------------+----------------------------------+-----
Fighting       | 5 7 9 10 12 14 17 19 | 19.0
Maces & Flails | 6 9 12 13 | 13.6
Dodging        | 5 7 10 12 13 | 13.2
Invocations    | 4 7 10 12 | 12.9
Armour         | 8 11 12 | 12.5
Shields        | |  3.6

Action                   |  1- 3 |  4- 6 |  7- 9 | 10-12 || total
-------------------------+-------+-------+-------+-------++-------
Melee: Flail             |    25 |    19 |    57 |     8 ||   109
       Headbutt          |     2 |     4 |    10 |    20 ||    36
       Morningstar       |       |       |       |    71 ||    71
Evoke: Deck              |       |     2 |     4 |    15 ||    21
  Use: Scroll            |       |       |     2 |       ||     2
 Stab: Distracted        |       |       |       |     1 ||     1
  Eat: Chunk             |       |       |     2 |     1 ||     3
       Bread ration      |       |       |       |     1 ||     1
Armor: Scale mail        |    10 |     2 |     6 |    40 ||    58
Dodge: Dodged            |     5 |     4 |    15 |    59 ||    83
Block: Shield            |     9 |     7 |    12 |    38 ||    66
